 Dungeon Crawl Stone Soup version 0.30.1-4-g462c640d31 (webtiles) character file.

Game seed: 13435239167358790769

448 leafyfresh the Ducker (level 7, 0/45 HPs)
             Began as a Djinni Ice Elementalist on Aug 27, 2023.
             Slain by Pargi (1 damage)
             ... on level 3 of the Dungeon.
             The game lasted 00:04:43 (3377 turns).

leafyfresh the Ducker (Djinni Ice Elementalist)     Turns: 3377, Time: 00:04:44

Health: 0/45       AC:  2    Str:  7    XL:     7   Next: 24%
Gold:   195        EV: 16    Int: 18    God:
                   SH:  0    Dex: 20

rFire   + + .        b - +1 scythe (heavy)
rCold   x . .        (shield currently unavailable)
rNeg    . . .        a - +0 robe
rPois   ∞            (no helmet)
rElec   .            (no cloak)
rCorr   .            (no gloves)
SInv    .            (boots unavailable)
Will    .....        (no amulet)
Stlth   ++           l - +6 ring of dexterity
HPRegen 0.27/turn    (no ring)
MPRegen 0.00/turn

%: infuse magic (-1 HP)
@: freezing walls, flying
A: sickness immunity, fire resistance 2, cold vulnerability 1, float, innate
caster, HP casting, extra vitality 1
a: no special abilities


You were on level 3 of the Dungeon.
You visited 1 branch of the dungeon, and saw 3 of its levels.

You collected 195 gold pieces.

Inventory:

Hand Weapons
 b - a +1 heavy scythe (weapon)
 d - a +0 dagger
Armour
 a - a +0 robe (worn)
Jewellery
 l - a +6 ring of dexterity (left hand)
Wands
 t - a wand of flame (20)
Scrolls
 c - 4 scrolls of identify {unknown}
 g - 2 scrolls of noise {unknown}
 h - a scroll of teleportation {unknown}
 i - a scroll of enchant armour {unknown}
 j - a scroll of torment {unknown}
 m - 2 scrolls of fog {unknown}
 n - a scroll of immolation {unknown}
 p - a scroll of amnesia {unknown}
 r - a scroll of silence {unknown}
 u - a scroll of vulnerability {unknown}
 v - a scroll of magic mapping {unknown}
Potions
 e - a potion of attraction {unknown}
 f - 3 potions of flight {unknown}
 k - a potion of might {unknown}
 o - 2 potions of lignification {unknown}
 q - a potion of heal wounds {unknown}
 s - a potion of resistance {unknown}


   Skills:
 + Level 5.9 Dodging
 - Level 1.5 Stealth
 + Level 5.0 Spellcasting


You knew the following spells:

 Your Spells              Type           Power      Damage    Failure   Level
a - Freeze                Ice            88%        1d9       1%          1
b - Frozen Ramparts       Ice            44%        1d7       4%          3
c - Ozocubu's Armour      Ice            22%        N/A       4%          3
d - Summon Ice Beast      Ice/Summ       22%        N/A       17%         4
e - Necrotise             Necr           88%        1d8       1%          1
f - Searing Ray           Conj           44%        2d6       2%          2
g - Teleport Other        Tloc           22%        N/A       4%          3
Your spell library was empty.

Dungeon Overview and Level Annotations

Branches:
Dungeon (3/15)

Altars:
Okawaru

Shops:
D:1 [[

Annotations:
D:3 Pargi


Innate Abilities, Weirdness & Mutations

You are immune to sickness and miasma.
You are immune to poison.
Your flesh is very heat resistant. (rF++)
You are vulnerable to cold. (rC-)
You float through the air rather than walking.
You learn spells naturally, not from books.
Your magical power is your life essence.
You have superior vitality. (+4 MHP)


Message History

The walls around you are covered in ice.
The wall freezes Pargi.
Pargi bites you!
* * * LOW HITPOINT WARNING * * *
Pargi closely misses you. Pargi misses you.
Unknown command.
Casting: Frozen Ramparts (dangerous; 4% risk of failure)
Confirm with . or Enter, or press ? or * to list all spells.
Aiming: Freeze (safe; 1% risk of failure)
Press: ? - help, Shift-Dir - straight line, f - Pargi
Aim: Pargi (severely wounded)
You freeze Pargi.
Pargi is severely wounded.
* * * LOW HITPOINT WARNING * * *
The wall freezes Pargi.
Pargi bites you.
* * * LOW HITPOINT WARNING * * *
Pargi claws you.
* * * LOW HITPOINT WARNING * * *
Pargi claws you.
* * * LOW HITPOINT WARNING * * *
Unknown command.
Casting: Freeze (safe; 1% risk of failure)
Confirm with . or Enter, or press ? or * to list all spells.
Aiming: Freeze (safe; 1% risk of failure)
Press: ? - help, Shift-Dir - straight line, f/p - Pargi
Aim: Pargi (severely wounded)
You freeze Pargi.
Pargi is almost dead.
* * * LOW HITPOINT WARNING * * *
The wall freezes Pargi.
Pargi closely misses you. Pargi misses you. x2
Casting: Freeze (safe; 1% risk of failure)
Confirm with . or Enter, or press ? or * to list all spells.
Aiming: Freeze (safe; 1% risk of failure)
Press: ? - help, Shift-Dir - straight line, f/p - Pargi
Aim: Pargi (almost dead)
You freeze Pargi.
Pargi is almost dead.
* * * LOW HITPOINT WARNING * * *
The wall freezes Pargi but does no damage.
Pargi closely misses you. Pargi claws you.
You die...

#...# #...# . #...# .##
#...# ..# #...# #.###
####...####### #...
†............###.#####..
.)......................
.........>...###@#####.
##.#...#.##### #T#
.......#.# #..
.......#.# ##.#
.......#.# .# .........#
.. .......### .#
......## .#
......#########


You could see Pargi.

Vanquished Creatures
  Sigmund (D:2)
  A phantom (D:3)
  2 hounds
  Ijyb (D:3)
  Robin (D:3)
  6 adders
  4 orcs (D:3)
  6 bats
  7 endoplasms
  5 giant cockroaches
  6 goblins
  8 hobgoblins
  6 jackals
  7 ball pythons
  3 frilled lizards
  4 kobolds (D:1)
  5 rats
73 creatures vanquished.

Notes
Turn   | Place    | Note
-------+----------+-------------------------------------------
     0 | D:1      | leafyfresh the Djinni Ice Elementalist began the quest for
                  | the Orb.
     0 | D:1      | leafyfresh set off with the following spells memorised:
                  | Freeze, Frozen Ramparts, Ozocubu's Armour, Summon Ice
                  | Beast.
     0 | D:1      | Reached XP level 1. HP: 15/15 MP: 0/0
   357 | D:1      | Reached XP level 2. HP: 18/21 MP: 0/0
   372 | D:1      | Found a faded altar of an unknown god.
   648 | D:1      | Found Naigiut's Antique Armour Shop.
   777 | D:1      | Reached XP level 3. HP: 24/25 MP: 0/0
   777 | D:1      | Learned a level 1 spell: Necrotise
  1374 | D:1      | Found Juveq's Armour Shop.
  1866 | D:2      | Found an iron altar of Okawaru.
  1901 | D:2      | Reached XP level 4. HP: 28/31 MP: 0/0
  2177 | D:2      | Noticed Sigmund
  2186 | D:2      | HP: 1/31 [Sigmund/+1 heavy scythe (19)]
  2202 | D:2      | Killed Sigmund
  2203 | D:2      | Reached skill level 5 in Dodging
  2203 | D:2      | Reached XP level 5. HP: 5/35 MP: 0/0
  2203 | D:2      | Learned a level 2 spell: Searing Ray
  2203 | D:2      | Reached XP level 6. HP: 6/40 MP: 0/0
  2805 | D:3      | Noticed Robin
  2806 | D:3      | Noticed Ijyb
  2832 | D:3      | Killed Robin
  3005 | D:3      | Killed Ijyb
  3072 | D:3      | Reached XP level 7. HP: 34/45 MP: 0/0
  3072 | D:3      | Learned a level 3 spell: Teleport Other
  3121 | D:3      | Reached skill level 5 in Spellcasting
  3369 | D:3      | Noticed Pargi
  3375 | D:3      | HP: 2/45 [Pargi (1)]
  3377 | D:3      | Slain by Pargi

Illustrated notes

Levels and vault maps discovered:
D:1:      elethiomel_arrival_infinity_welcomes_careful_drivers, layout_basic,
          hellmonk_ecumenical_altar_lost_god, serial_shops,
          nicolae_shop_overgrown_old_shop, nicolae_shop_back_alley_shop
D:2:      layout_loops_ring, basic_altar, minmay_close_crescents, uniq_sigmund
D:3:      layout_loops_cross, nicolae_goblin_pals, uniq_robin, uniq_pargi

Skill      XL: |  1  2  3  4  5  6  7 |
---------------+----------------------+-----
Dodging        | 3 5 |  5.9
Spellcasting   | 4 5 |  5.0
Stealth        | |  1.5

Action                     |  1- 3 |  4- 6 |  7- 9 || total
---------------------------+-------+-------+-------++-------
  Melee: Unarmed           |    15 |       |       ||    15
         Dagger            |    40 |    15 |       ||    55
         Halberd           |       |    33 |    21 ||    54
   Cast: Freeze            |    45 |     1 |     3 ||    49
         Frozen Ramparts   |     1 |    10 |     1 ||    12
         Ozocubu's Armour  |       |     3 |       ||     3
    Use: Potion            |       |     2 |       ||     2
   Stab: Sleeping          |       |     5 |     3 ||     8
 Armour: Robe              |    14 |    15 |     2 ||    31
  Dodge: Dodged            |    71 |    57 |    29 ||   157
